 Dungeon Crawl Stone Soup version 0.28-a0-1182-g381e24db82 (webtiles) character file.

Game seed: 8222520706835517483

73 coolguy420 the Conjurer (level 4, -7/24 HPs)
             Began as a Deep Elf Conjurer on Dec 16, 2021.
             Mangled by Sigmund (8 damage)
             ... on level 2 of the Dungeon.
             The game lasted 00:02:41 (1510 turns).

coolguy420 the Conjurer (Deep Elf Conjurer)         Turns: 1510, Time: 00:02:43

Health: -7/24      AC:  2    Str:  4    XL:     4   Next: 8%
Magic:  11/11      EV: 12    Int: 25    God:
Gold:   69         SH:  0    Dex: 13    Spells: 7/10 levels left

rFire   . . .      SeeInvis .   (no weapon)
rCold   . . .      Faith    .   (no shield)
rNeg    . . .      Spirit   .   a - +0 robe
rPois   .          Reflect  .   (no helmet)
rElec   .          Harm     .   (no cloak)
rCorr   .          Rampage  .   (no gloves)
Will    .....                   (no boots)
Stlth   ++........              (no amulet)
HPRegen 0.08/turn               (no ring)
MPRegen 0.12/turn               (no ring)

@: lethally poisoned (-7 -> -10)
A: no striking features
a: no special abilities


You were on level 2 of the Dungeon.
You visited 1 branch of the dungeon, and saw 2 of its levels.

You collected 69 gold pieces.

Inventory:

Armour
 a - a +0 robe (worn)
Jewellery
 d - a +6 ring of strength
 g - a +4 ring of protection
Wands
 i - a wand of polymorph (6)
Scrolls
 b - a scroll of teleportation {unknown}
 e - a scroll of enchant weapon {unknown}
 f - a scroll of identify {unknown}
Potions
 c - a potion of flight {unknown}
 h - a potion of curing {unknown}
 j - a potion of degeneration {unknown}
 k - a potion of heal wounds {unknown}


   Skills:
 + Level 2.5 Dodging
 + Level 2.7 Stealth
 + Level 3.8 Spellcasting
 + Level 5.7 Conjurations


You had 7 spell levels left.
You knew the following spells:

 Your Spells              Type           Power      Damage    Failure   Level
a - Magic Dart            Conj           100%       1d8       1%          1
b - Searing Ray           Conj           66%        2d6       1%          2

Your spell library contained the following spells:

 Spells                   Type           Power      Damage    Failure   Level
 Dazzling Flash           Conj/Hex       38%        N/A       9%          3
 Fulminant Prism          Conj/Hex       9%         3d7       28%         4
 Iskenderun's Mystic Bla  Conj/Tloc      19%        2d6       28%         4


Dungeon Overview and Level Annotations

Branches:
Dungeon (2/15)

Altars:

Shops:
D:1 !

Annotations:
D:2 Robin, Sigmund


Message History

You hear a shout!
Sigmund casts a spell.
Sigmund flickers and vanishes!
Deactivating autopickup; reactivate with Ctrl-A.
A frilled lizard comes into view.
A kobold comes into view. It is wielding a +0 club.
The frilled lizard moves out of view.
The goblin barely misses you. Something completely misses you.
A hobgoblin comes into view.
A goblin comes into view. It is wielding a +0 club.
The kobold barely misses you. The goblin completely misses you.
The kobold hits you with a +0 club. The hobgoblin hits you.
The kobold barely misses you. The goblin barely misses you.
An adder comes into view.
A goblin comes into view. It is wielding a +0 club.
Found 5 gold pieces.
A hobgoblin comes into view.
Found 3 scrolls labelled RODDOF ECAR.
Robin roars a battlecry!
The goblins go into a battle-frenzy!
The goblin shouts!
You hear a shout!
The adder hisses angrily.
The goblin hits you but does no damage.
Robin says, "Feeling lonely?"
The goblin hits you but does no damage. The adder bites you.
You are poisoned.
The adder poisons you! Something hits you! The goblin barely misses you.
You feel sick. The goblin barely misses you.
You feel sick. The adder barely misses you. Robin throws the goblin at you!
* * * LOW HITPOINT WARNING * * *
The goblin hits you with a +0 dagger.
* * * LOW HITPOINT WARNING * * *
The adder bites you.
* * * LOW HITPOINT WARNING * * *
The goblin completely misses you. Something hits you!
You die...

...#.....#....#..)....
.......#......##..#..###
....>.....##..#..##.....
..##.....##....g.##...#
.....#........##g....##
###)).......g.l.......#
.....#..#.......g.....#
..#.......##..gSg.....#
##...........#gg@.?...#
##....#########.g.....#
...)..# #.$.....#
...#### #.......# ...#
#.......# ...# ####....#
..## ##### ..# ..#


You could see Robin, an adder, 3 hobgoblins, 5 goblins and a frilled lizard.

Vanquished Creatures
  Terence (D:2)
  A worm (D:2)
  A dart slug (D:1)
  7 endoplasms
  4 giant cockroaches (D:1)
  5 goblins
  2 hobgoblins
  5 ball pythons (D:1)
  4 bats
  2 frilled lizards
  3 kobolds
  7 rats
42 creatures vanquished.

Notes
Turn   | Place    | Note
-------+----------+-------------------------------------------
     0 | D:1      | coolguy420 the Deep Elf Conjurer began the quest for the
                  | Orb.
     0 | D:1      | Reached XP level 1. HP: 10/10 MP: 6/6
   172 | D:1      | Reached XP level 2. HP: 15/15 MP: 6/8
   318 | D:1      | Reached skill level 5 in Conjurations
   351 | D:1      | Found Paffait's Distillery.
   721 | D:1      | Reached XP level 3. HP: 19/19 MP: 6/9
   980 | D:2      | Noticed Terence
  1015 | D:2      | Killed Terence
  1251 | D:2      | Reached XP level 4. HP: 24/24 MP: 7/11
  1292 | D:2      | Learned a level 2 spell: Searing Ray
  1488 | D:2      | Noticed Robin
  1488 | D:2      | Noticed Sigmund
  1510 | D:2      | HP: 1/24 [adder (1)]
  1510 | D:2      | Mangled by Sigmund

Illustrated notes

Levels and vault maps discovered:
D:1:      heliophobic_arrival_glass_houses, layout_basic, serial_shops,
          nicolae_shop_behind_doors, minmay_worlds_worst_comb
D:2:      layout_rooms, kennysheep_nondescript, uniq_terence, uniq_robin,
          uniq_sigmund

Skill      XL: |  1  2 |
---------------+-------+-----
Conjurations   | 5 |  5.7
Dodging        | |  2.5
Stealth        | |  2.7
Spellcasting   | |  3.8

Action                   |  1- 3 |  4- 6 || total
-------------------------+-------+-------++-------
 Cast: Magic Dart        |    71 |     5 ||    76
Armor: Robe              |     1 |     3 ||     4
Dodge: Dodged            |     1 |    10 ||    11

Table legend: (Time is in decaauts)
 A = Elapsed time spent in this place.
 B = Non-inter-level travel time spent in this place.
 C = Inter-level travel time spent in this place.
 D = Time resting spent in this place.
 E = Time spent auto-exploring this place.
 F = Levels seen in this place.
 G = Mean time per level.
                   A        B        C        D        E       F      G
               +--------+--------+--------+--------+--------+-----+--------+
         Total |   1503 |   1475 |     28 |      2 |   1280 |   2 |  751.5 |
       Dungeon |   1503 |   1475 |     28 |      2 |   1280 |   2 |  751.5 |
               +--------+--------+--------+--------+--------+-----+--------+

Top non-repeatable levels by time:
     D:1: 885 daAuts
     D:2: 618 daAuts
